 Dungeon Crawl Stone Soup version 0.22.1-2-g9c5b331 (webtiles) character file.

33 HoaS the Ruffian (level 3, 0/23 HPs)
             Began as a Gargoyle Berserker on Dec 27, 2018.
             Was a Believer of Trog.
             Slain by a goblin
             ... wielding a cursed -2 dagger
             ... led by Robin
              (5 damage)
             ... on level 1 of the Dungeon.
             The game lasted 00:02:59 (658 turns).

HoaS the Ruffian (Gargoyle Berserker)                Turns: 658, Time: 00:03:00

Health: 0/23       AC:  6    Str: 20    XL:     3   Next: 29%
Magic:  3/3        EV: 11    Int:  7    God:    Trog [**....]
Gold:   65         SH:  0    Dex: 10    Spells: 2/2 levels left

rFire    . . .     SeeInvis .     - Unarmed
rCold    . . .     Gourm    .   (no shield)
rNeg     + . .     Faith    .   g - +0 leather armour (curse)
rPois    ∞         Spirit   .   (no helmet)
rElec    +         Reflect  .   (no cloak)
rCorr    .         Harm     .   (no gloves)
MR       .....                  (no boots)
Stlth    +.........             (no amulet)
HPRegen  0.07/turn              (no ring)
MPRegen  0.08/turn              (no ring)

@: no status effects
A: negative energy resistance 1, electricity resistance, unbreathing,
petrification resistance, rot immunity, AC +3
a: Berserk, Trog's Hand, Renounce Religion


You were on level 1 of the Dungeon.
You worshipped Trog.
Trog was pleased with you.
You were not hungry.

You visited 1 branch of the dungeon, and saw 2 of its levels.

You collected 65 gold pieces.

Inventory:

Armour
 c - a +0 ring mail
 d - a +0 scale mail
 g - a cursed +0 leather armour (worn)
Potions
 e - 2 potions of mutation
Comestibles
 a - 4 chunks of flesh
 b - 3 rations


   Skills:
 - Level 3.2 Fighting
 - Level 2.1 Armour
 - Level 1.5 Dodging
 + Level 4.3 Unarmed Combat


You had 2 spell levels left.
You didn't know any spells.
Your spell library was empty.

Dungeon Overview and Level Annotations

Branches:
Dungeon (2/15)

Altars:

Annotations:
D:1 Robin


Innate Abilities, Weirdness & Mutations

You are resistant to torment.
Your stone body is resilient. (AC +3)
You are immune to poison.
You resist negative energy. (rN+)
You are resistant to electric shocks. (rElec)
You can survive without breathing.
You are immune to petrification.
You are immune to rotting.


Message History

The goblin hits you but does no damage. Robin throws the goblin at you!
The goblin closely misses you. The goblin hits you but does no damage.
You feel the effects of Trog's Hand fading.
The hobgoblin no longer looks unusually strong.
Robin hits you with a spear.
Robin says, "My goblins will feast on your bones."
Robin throws the goblin at you!
The goblin no longer looks unusually strong.
Robin completely misses you. The goblin barely misses you.
The goblin no longer looks unusually strong.
Robin roars a battlecry!
The goblins go into a battle-frenzy!
The goblin barely misses you.
Your skin stops crawling.
You feel less resistant to hostile enchantments.
Robin throws the goblin at you! The goblin hits you but does no damage.
The hobgoblin hits you. The goblin hits you with a dagger.
* * * LOW HITPOINT WARNING * * *
The goblin hits you with a dagger.
You die...

...## #..........................
....########.....................
.##..............................
##########.....................##
# #..#.##...............##
##.##)##.......##.....####
##..##.###.##.#####.......#
#.>###.# #.##.# #######.#
####.####.# #@##.# ##..(.
#....##...# #gg..#### ##..### #
#.#####.### #.......# #..##
####.# #.# ###g.##[####.## ..)..#
#.# ###g.##......##### ..#### #.#
#.......#[..###... .(# #.#
##g##............## ..# #.#
##..##..........### >.#
##.###..####.........#


You could see a hobgoblin and 3 goblins.

Vanquished Creatures
  An ooze (D:1)
  4 bats (D:1)
  A giant cockroach (D:1)
  5 goblins
  2 hobgoblins (D:1)
  7 kobolds
  8 rats (D:1)
28 creatures vanquished.

Notes
Turn   | Place    | Note
-------+----------+-------------------------------------------
     0 | D:1      | HoaS the Gargoyle Berserker began the quest for the Orb.
     0 | D:1      | Reached XP level 1. HP: 14/14 MP: 1/1
   108 | D:1      | Reached XP level 2. HP: 19/19 MP: 2/2
   247 | D:1      | Reached skill level 4 in Unarmed Combat
   337 | D:1      | Reached XP level 3. HP: 23/23 MP: 3/3
   619 | D:2      | Reached ** piety under Trog
   628 | D:2      | Noticed Robin
   658 | D:1      | Slain by a goblin

Skill      XL: |  1  2 |
---------------+-------+-----
Unarmed Combat | 4 |  4.3
Fighting       | |  3.2
Armour         | |  2.1
Dodging        | |  1.5

Action                   || total
-------------------------++-------
Melee: Unarmed           ||    80
       Punch             ||     2
Invok: Trog's Hand       ||     1
  Use: Scroll            ||     2
Armor: Ring mail         ||    22
       Leather armour    ||    19
Dodge: Dodged            ||    60
